 Dungeon Crawl Stone Soup version 0.21-a0-529-g8c7b3f5 (webtiles) character file.

207271 AverageBear the Eclecticist (level 18, -10/101 HPs)
             Began as a Deep Elf Fighter on Dec 11, 2017.
             Was the Champion of Ashenzari.
             Mangled by a spark wasp (14 damage)
             ... while paralysed by a hornet
             ... on level 4 of the Spider Nest.
             The game lasted 02:05:35 (42120 turns).

AverageBear the Eclecticist (Deep Elf Fighter)     Turns: 42120, Time: 02:05:35

Health: -10/101    AC: 20    Str: 19      XL:     18   Next: 47%
Magic:  42/42      EV:  2    Int: 27      God:    Ashenzari [******]
Gold:   3534       SH:  0    Dex: 11 (16) Spells: 5/53 levels left

rFire    + + .     SeeInvis +   a - +9 rapier (venom) (curse)
rCold    + + .     Gourm    .   J - +2 buckler {AC+3} (curse)
rNeg     + + +     Faith    .   V - +0 troll leather armour
rPois    +         Spirit   .   K - +1 helmet of Wonder {rF+ rCorr} (curse)
rElec    .         Reflect  .   C - +1 cloak {MR+} (curse)
rCorr    +         Harm     .   A - +2 pair of gloves (curse)
MR       ++...     Clarity  +   p - +1 pair of boots
Stlth    ++++++....             w - amulet of regeneration (curse)
HPRegen  2.06/turn              H - ring of the Devil's Team {+Inv rPois rN+}
MPRegen  0.28/turn              s - ring "Coniwk" {rF+ rC+ rN++ Int+7} (curse)

@: paralysed, lethally poisoned (-10 -> -10), very slightly contaminated,
regenerating (expiring), invisible (expiring)
A: talons 1, agile 1, blink, clever 2, cold resistance 1, mutation resistance 1
a: Blink, Curse Item, Scrying, Transfer Knowledge, Renounce Religion


You were on level 4 of the Spider Nest.
You worshipped Ashenzari.
Ashenzari was exalted by your worship.
You were hungry.

You visited 6 branches of the dungeon, and saw 31 of its levels.
You also visited: Labyrinth.

You collected 3654 gold pieces.
You spent 120 gold pieces at shops.

Inventory:

Hand Weapons
 a - a cursed +9 rapier of venom (weapon)
Armour
 i - a +2 pair of gloves of strength
 p - a +1 pair of boots (worn)
 A - a cursed +2 pair of gloves (worn)
 C - a cursed +1 cloak of magic resistance (worn)
 J - a cursed +2 buckler of protection (worn)
 K - the cursed +1 helmet of Wonder (worn) {rF+ rCorr}
   (You found it on level 3 of the Lair of Beasts)

   It protects you from fire.
   It protects you from acid and corrosion.
   It has a curse placed upon it.
 V - a +0 troll leather armour (worn)
Jewellery
 h - an uncursed ring of flight
 q - the ring "Guyni" {rF+ SInv}
   (You took it off a deep elf mage on level 2 of the Orcish Mines)

   [ring of protection from fire]

   It protects you from fire.
   It lets you see invisible.
 s - the cursed ring "Coniwk" (right hand) {rF+ rC+ rN++ Int+7}
   (You took it off a deep elf mage on level 1 of the Elven Halls)

   [ring of protection from fire]

   It affects your intelligence (+7).
   It protects you from fire.
   It protects you from cold.
   It greatly protects you from negative energy.
   It has a curse placed upon it.
 w - a cursed amulet of regeneration (around neck)
 B - the ring of the Present {rCorr rElec rN+++ Str-5 SInv}
   (You took it off a deep elf archer on level 1 of the Elven Halls)

   [ring of resist corrosion]

   It affects your strength (-5).
   It insulates you from electricity.
   It renders you almost immune to negative energy.
   It lets you see invisible.
 H - the ring of the Devil's Team (left hand) {+Inv rPois rN+}
   (You took it off a deep elf mage on level 1 of the Elven Halls)

   [ring of poison resistance]

   It protects you from poison.
   It protects you from negative energy.
   It lets you turn invisible.
 I - the ring of Shadows {Umbra +Inv Stlth+}
   (You found it in a labyrinth)

   [ring of stealth]

   It lets you turn invisible.
   It makes you more stealthy.
Wands
 j - a wand of paralysis (43)
 m - a wand of disintegration (4)
 y - a wand of digging (1)
 D - a wand of polymorph (23)
 E - a wand of enslavement (27)
 F - a wand of iceblast (2)
 G - a wand of random effects (35)
 L - a wand of acid (9)
 N - a wand of scattershot (5)
Scrolls
 d - 3 scrolls of silence
 e - a scroll of teleportation
 r - 3 scrolls of magic mapping
 t - a scroll of holy word
 v - 6 scrolls of amnesia
 x - 5 scrolls of fog
 O - 14 scrolls of identify
 Z - 2 scrolls of summoning
Potions
 c - 2 potions of resistance
 z - 4 potions of cancellation
 M - a potion of agility
 P - a potion of might
 R - 3 potions of haste
 T - a potion of magic
 U - 3 potions of brilliance
 W - 7 potions of curing
 X - 2 potions of ambrosia
 Y - a potion of heal wounds
Books
 b - a book of Party Tricks

   Spells                             Type                      Level
   a - Summon Butterflies             Summoning                    1
   b - Apportation                    Translocation                1
   c - Lesser Beckoning               Translocation                3
   d - Tukima's Dance                 Hexes                        3
   e - Alistair's Intoxication        Transmutation/Poison         5
   f - Invisibility                   Hexes                        6
 u - a book of Enchantments

   Spells                             Type                      Level
   a - Cause Fear                     Hexes                        4
   b - Yara's Violent Unravelling     Hexes/Transmutation          5
   c - Silence                        Hexes/Air                    5
   d - Deflect Missiles               Charms/Air                   6
   e - Discord                        Hexes                        8
 S - a book of the Earth

   Spells                             Type                      Level
   a - Leda's Liquefaction            Hexes/Earth                  4
   b - Bolt of Magma                  Conjuration/Fire/Earth       5
   c - Statue Form                    Transmutation/Earth          6
   d - Iron Shot                      Conjuration/Earth            6
   e - Shatter                        Earth                        9
Miscellaneous
 l - a lightning rod (4/4)
 o - a fan of gales
Comestibles
 f - 18 bread rations
 g - 7 royal jellies
 k - 7 meat rations
 n - 10 fruits
 Q - 5 chunks of flesh


   Skills:
 - Level 7.2 Fighting
 - Level 9.7(14.0) Short Blades
 - Level 11.0 Armour
 - Level 12.4(15.0) Dodging
 - Level 14.4(17.0) Stealth
 - Level 4.5(7.4) Shields
 - Level 18.2 Spellcasting
 - Level 10.0(12.8) Conjurations
 + Level 7.5(10.6) Hexes
 - Level 13.0(15.6) Charms
 - Level 10.5(13.3) Necromancy
 - Level 5.0(8.0) Ice Magic
 - Level 5.1(8.1) Air Magic
 - Level 5.0(8.0) Earth Magic
 - Level 9.5(12.4) Evocations


You had 5 spell levels left.
You knew the following spells:

 Your Spells              Type           Power        Failure   Level  Hunger
a - Regeneration          Chrm/Necr      #######...   0%          3    None
b - Lightning Bolt        Conj/Air       ######....   1%          5    None
c - Throw Icicle          Conj/Ice       ######..     1%          4    None
d - Invisibility          Hex            ######..     4%          6    ##.....
e - Tukima's Dance        Hex            ######..     1%          3    None
f - Lesser Beckoning      Tloc           ####......   5%          3    None
g - Iron Shot             Conj/Erth      ######....   4%          6    ##.....
h - Cause Fear            Hex            ######....   1%          4    None
i - Discord               Hex            ######....   86%         8    ######.
j - Deflect Missiles      Chrm/Air       ######....   2%          6    ##.....


Dungeon Overview and Level Annotations

Branches:
Dungeon (15/15) Temple (0/1) D:6 Lair (6/6) D:8 Swamp (0/4) Lair:3 Spider (4/4) Lair:4 Slime (0/5) Lair:5 Orc (2/2) D:11 Elf (3/3) Orc:2 Vaults (0/5) D:13 D:14 Depths (1/5) D:15

Altars:
Ashenzari
Sif Muna
Wu Jian
Beogh

Shops:
D:11 !(!   D:15 }   Orc:1 *   Orc:2 [=*(   Elf:1 =   Elf:3 *   Depths:1 =}=

Portals:
Ziggurat: Depths:1

Annotations:
D:4 Grinder
D:10 exclusion: orange crystal statue
Elf:3 1 exclusion
Depths:1 PooDaddy420's ghost, veteran HOBe; Snicker's ghost, adept SpEn


Innate Abilities, Weirdness & Mutations

You have sharp toenails.
You are agile. (Dex +2)
You can translocate small distances at will.
Your mind is very acute. (Int +4)
Your flesh is cold resistant. (rC+)
You are somewhat resistant to further mutation.


Message History

The moth of wrath looks as sick as possible!
The moth of wrath is almost dead.
The hornet stings you.
You are poisoned.
The spark wasp closely misses you.
You closely miss the spark wasp.
You feel sick. The hornet completely misses you. The hornet stings you!
You suddenly lose the ability to move!
Your skin is crawling a little less now.
You feel sick. The hornet stings you. The spark wasp stings you!
The spark wasp shocks you! The ghost moth hits you.
You feel clumsy. The ghost moth hits you.
The ghost moth stings you but does no damage.
The hornet stings you!
* * * LOW HITPOINT WARNING * * *
You shrug off the repeated paralysis!
The spark wasp stings you!!
* * * LOW HITPOINT WARNING * * *
The spark wasp shocks you!
You die...

..^....≈≈≈≈≈≈≈≈≈≈≈....†##^.≈#
......≈≈≈≈≈≈≈≈≈≈≈≈.#..#....≈#
#.#..≈≈≈≈≈≈≈≈≈≈≈≈≈≈≈.......##
....≈≈≈≈≈######≈≈≈≈≈....^..#
....≈≈≈≈≈#^.^^##≈≈≈≈.^.....#
...≈≈≈≈≈##≈...^##≈≈≈......^#
..#≈≈≈≈##≈^....^#≈≈≈#....#.##
...≈≈≈≈# ^.!...y#≈..#.....#^#
...≈≈≈##≈..!φ..y@....≈^.....#
.#.≈≈≈# ..!..sy#≈†≈#≈.....##
...≈≈≈##,..^..y##≈≈≈..#.#..^#
...≈≈≈≈# .#..≈^##≈≈≈...^...##
..#≈≈≈≈###≈≈..##≈≈≈≈.......#
...≈≈≈≈≈≈######≈≈≈≈≈.......#
...≈≈≈≈≈≈≈≈≈≈≈≈≈≈≈≈........#
....≈≈≈≈≈≈≈≈≈≈≈≈≈≈.........#*
......≈≈≈≈≈≈≈≈≈≈≈..^...#.)≈≈#


You could see an emperor scorpion (wandering), a ghost moth (invisible), a spark
wasp, a moth of wrath (wandering) and a hornet (berserk).

Vanquished Creatures
  Saint Roka (Elf:2)
  Rupert (Orc:2)
  The ghost of TySteely the Minotaur Blade, an adept MiFi of Trog (Spider:4)
  3 ghost moths
  Aizul (Spider:2)
  A deep elf sorcerer (Elf:3)
  A deep elf elementalist (Elf:2)
  2 emperor scorpions
  Louise (D:15)
  A vampire knight (D:15)
  Nessos (D:12)
  2 entropy weavers
  Azrael (Orc:2)
  2 deep elf demonologists
  A dire elephant (D:15)
  2 spark wasps
  A deep elf death mage (Elf:1)
  An ettin (Depths:1)
  Snorg (D:12)
  Josephine (D:11)
  2 deep elf high priests (Elf:1)
  An ice dragon (Depths:1)
  A rakshasa (Depths:1)
  6 hydras
  2 catoblepae
  21 two-headed ogres
  4 centaur warriors
  26 dancing weapons
  4 ogre magi
  A vampire mage (Depths:1)
  9 death yaks
  2 orc high priests
  3 tengu warriors
  Sonja (D:14)
  19 deep elf knights
  An unseen horror (shapeshifter) (Elf:2)
  2 unseen horrors
  A glowing orange brain (Depths:1)
  5 lindwurms
  14 deep elf archers
  A necromancer (Lair:5)
  Pikel (D:8)
  4 orc knights
  14 orb spiders
  An ugly thing (D:12)
  An oklob plant (Lair:6)
  33 wolf spiders
  8 orc sorcerers
  59 deep elf magi
  4 cyclopes
  3 moths of wrath (Spider:1)
  A manticore (D:14)
  4 black mambas
  4 elephants
  Maurice (D:8)
  2 torpor snails
  An ice statue (D:10)
  2 gargoyles
  An efreet (D:15)
  5 spiny frogs
  A rime drake (Lair:1)
  15 komodo dragons
  3 kobold demonologists
  17 demonic crawlers
  4 tengu conjurers
  4 trolls
  33 jumping spiders
  2 polar bears
  A wolf spider simulacrum (D:15)
  3 meliai (Spider:2)
  A tyrant leech (Lab)
  6 hornets
  A polar bear (shapeshifter) (D:15)
  13 hippogriffs
  5 blink frogs (Lair:4)
  12 slime creatures
  5 dream sheep (Lair:6)
  45 redbacks
  A vampire (D:11)
  2 air elementals (Elf:2)
  Sigmund (D:4)
  4 water elementals
  3 shadows (Lab)
  7 wraiths
  20 tarantellas
  4 hogs (D:9)
  40 yaks
  5 fire elementals
  16 humans
  Grum (D:8)
  2 wyverns
  5 hungry ghosts
  7 vampire mosquitoes (D:15)
  3 basilisks
  3 wargs
  A soldier ant (shapeshifter) (Elf:1)
  The ghost of narcow the Insei, an amateur OpTm (D:3)
  An acid dragon (D:11)
  18 water moccasins
  7 porcupines
  28 orc warriors
  A sky beast (D:12)
  2 phantoms (D:7)
  A hornet zombie (D:9)
  4 ice beasts
  A swamp drake (shapeshifter) (Elf:1)
  2 eyes of draining
  2 black bears
  8 centaurs
  A necrophage (D:15)
  12 ogres
  19 wolves
  9 crocodiles
  4 big kobolds
  18 bullfrogs
  2 earth elementals (Elf:1)
  A water moccasin zombie (D:6)
  A wyvern zombie (D:13)
  3 scorpions
  21 killer bees
  3 electric eels (Spider:2)
  A troll skeleton (Lab)
  5 wights
  2 spriggan skeletons (Lab)
  6 crimson imps
  3 centaur zombies
  A wyvern simulacrum (D:14)
  2 jellies (Lair:5)
  5 hounds
  4 bullfrog skeletons
  5 centaur skeletons
  23 orc priests
  30 orc wizards
  4 iguanas
  9 worker ants
  5 polar bear simulacra (Lair:5)
  2 yak simulacra (Lair:5)
  2 wolf simulacra (Lair:5)
  An ogre skeleton (Lab)
  2 hound zombies
  3 hound skeletons
  A howler monkey skeleton (D:5)
  12 adders
  2 shadow imps
  2 oozes
  An adder skeleton (D:4)
  2 adder zombies
  A worm (D:6)
  2 dart slugs
  5 leopard geckos
  90 orcs
  5 giant cockroaches
  13 goblins
  11 hobgoblins
  8 jackals
  3 quokkas
  3 ball pythons
  9 bats
  6 frilled lizards
  26 kobolds
  2 quokka skeletons
  3 quokka zombies
  8 rats
  2 river rat simulacra (Lair:5)
1099 creatures vanquished.

Vanquished Creatures (collateral kills)
  An ettin (Depths:1)
  A blink frog (Lair:4)
2 creatures vanquished.

Vanquished Creatures (others)
  A deep elf death mage (Elf:2)
  A deep elf mage (Elf:1)
  A redback zombie (D:14)
  A jumping spider (Spider:2)
  2 dancing weapons
  A human (D:13)
  2 slaves (D:8)
  An ogre (Elf:2)
  A bullfrog (D:8)
  A hound (D:8)
  2 orc wizards (Orc:2)
  4 orcs
  2 kobolds (D:10)
  11 fungi
  21 plants
52 creatures vanquished.

Grand Total: 1153 creatures vanquished

Notes
Turn   | Place    | Note
-------+----------+-------------------------------------------
     0 | D:1      | AverageBear the Deep Elf Fighter began the quest for the Orb.
     0 | D:1      | Reached XP level 1. HP: 13/13 MP: 3/3
   115 | D:1      | Reached XP level 2. HP: 16/18 MP: 4/4
   828 | D:2      | Found a faded altar of an unknown god.
   832 | D:2      | Reached XP level 3. HP: 13/22 MP: 5/5
  1089 | D:2      | Gained mutation: You are frail. (-10% HP) [potion of mutation]
  1089 | D:2      | Gained mutation: You have sharp toenails. [potion of mutation]
  2085 | D:3      | Noticed narcow's ghost (amateur OpTm)
  2109 | D:3      | Killed narcow's ghost
  2109 | D:3      | Reached skill level 5 in Short Blades
  2109 | D:3      | Reached XP level 4. HP: 13/24 MP: 6/6
  2109 | D:3      | Reached XP level 5. HP: 14/27 MP: 7/7
  2756 | D:4      | Lost mutation: You are frail. (-10% HP) [potion of mutation]
  2756 | D:4      | Lost mutation: You have sharp toenails. [potion of mutation]
  2756 | D:4      | Gained mutation: Your flesh is cold resistant. (rC+) [potion of mutation]
  2756 | D:4      | Gained mutation: You evolve. [potion of mutation]
  2759 | D:4      | Noticed an ogre
  2776 | D:3      | Killed an ogre
  2776 | D:3      | Reached XP level 6. HP: 22/36 MP: 8/8
  3125 | D:4      | Noticed Sigmund
  3131 | D:4      | Killed Sigmund
  3151 | D:4      | Reached XP level 7. HP: 38/40 MP: 9/9
  3359 | D:4      | Noticed Grinder
  3759 | D:4      | Gained mutation: Your system is resistant to poisons. (rPois) [evolution]
  3883 | D:4      | Paralysed by Grinder for 5 turns
  3925 | D:5      | Entered Level 5 of the Dungeon
  4101 | D:5      | Found a shattered altar of Ashenzari.
  4109 | D:5      | Identified the Volume of Unstable Protection
  4117 | D:5      | Became a worshipper of Ashenzari the Shackled
  4296 | D:5      | Reached skill level 1 in Dodging
  4695 | D:6      | Reached XP level 8. HP: 35/45 MP: 10/10
  4807 | D:6      | Reached skill level 5 in Dodging
  4861 | D:6      | Found a staircase to the Ecumenical Temple.
  5353 | D:7      | Learned a level 3 spell: Regeneration
  5477 | D:7      | Reached XP level 9. HP: 38/49 MP: 11/11
  5895 | D:7      | Reached skill level 1 in Spellcasting
  6013 | D:7      | Reached skill level 2 in Spellcasting
  6111 | D:7      | Reached skill level 3 in Spellcasting
  6278 | D:7      | Gained mutation: You have a pair of small horns on your head. [evolution]
  6448 | D:8      | Noticed Pikel
  6465 | D:8      | Reached skill level 4 in Spellcasting
  6490 | D:8      | Killed Pikel
  6490 | D:8      | Reached skill level 7 in Spellcasting
  6529 | D:8      | Reached * piety under Ashenzari
  6582 | D:8      | Noticed Maurice
  6599 | D:8      | Killed Maurice
  6599 | D:8      | Reached skill level 8 in Spellcasting
  6644 | D:8      | Noticed Grum
  6702 | D:7      | Reached XP level 10. HP: 26/54 MP: 24/24
  6776 | D:8      | Killed Grum
  6776 | D:8      | Reached skill level 9 in Spellcasting
  6810 | D:8      | Found a staircase to the Lair.
  6810 | D:8      | Noticed a death yak
  6811 | D:8      | Noticed an elephant
  6834 | D:8      | Killed a death yak
  6834 | D:8      | Reached skill level 10 in Spellcasting
  6904 | D:8      | Killed an elephant
  6904 | D:8      | Reached skill level 11 in Spellcasting
  6989 | D:8      | Reached skill level 1 in Stealth
  7310 | D:8      | Found an ornate altar of the Wu Jian Council.
  7688 | D:9      | Reached skill level 1 in Charms
  7976 | D:9      | Reached skill level 5 in Charms
  8178 | D:9      | Paralysed by a hornet for 1 turns
  8232 | D:9      | Reached skill level 1 in Necromancy
  8551 | D:9      | Reached XP level 11. HP: 58/58 MP: 28/28
  9032 | D:9      | Reached skill level 5 in Necromancy
  9190 | D:10     | Entered Level 10 of the Dungeon
  9214 | D:10     | Reached ** piety under Ashenzari
  9315 | D:10     | Noticed a tengu warrior
  9548 | D:10     | Noticed a two-headed ogre
  9593 | D:10     | Gained mutation: Potions are less effective at restoring your health. [evolution]
  9680 | D:10     | Noticed an orange crystal statue
  9775 | Lair:1   | Entered Level 1 of the Lair of Beasts
  9811 | Lair:1   | Noticed a five-headed hydra
 10652 | Lair:1   | Reached skill level 5 in Armour
 10882 | Lair:1   | Reached *** piety under Ashenzari
 10988 | Lair:2   | Found a labyrinth entrance.
 11009 | Lab      | Entered a labyrinth
 11199 | Lab      | Noticed a minotaur
 11285 | Lab      | Found the ring of Shadows {Umbra +Inv Stlth+}
 11298 | Lab      | a minotaur changed into a tyrant leech
 12261 | Lair:2   | Noticed a seven-headed hydra
 12292 | Lair:3   | Found a staircase to the Swamp.
 12448 | Lair:3   | Got the uncursed helmet of Wonder {rF+ rCorr}
 12461 | Lair:3   | Identified the +1 helmet of Wonder {rF+ rCorr} (You found it on level 3 of the Lair of Beasts)
 12589 | Lair:3   | Reached **** piety under Ashenzari
 12624 | Lair:3   | Reached XP level 12. HP: 30/64 MP: 29/29
 12951 | Lair:3   | Reached skill level 10 in Dodging
 13664 | Lair:4   | Found a hole to the Spider Nest.
 14004 | Lair:3   | Lost mutation: You evolve. [end of evolution]
 14007 | Lair:3   | Lost mutation: You have a pair of small horns on your head. [potion of mutation]
 14007 | Lair:3   | Lost mutation: Your system is resistant to poisons. (rPois) [potion of mutation]
 14007 | Lair:3   | Gained mutation: You expend magic power (3 MP) to strengthen your wands. [potion of mutation]
 14007 | Lair:3   | Gained mutation: Your mind is acute. (Int +2) [potion of mutation]
 14208 | Lair:4   | Noticed a five-headed hydra
 14573 | Lair:4   | Killed a five-headed hydra
 14573 | Lair:4   | Reached skill level 5 in Stealth
 15137 | Lair:5   | Found a staircase to the Slime Pits.
 15308 | Lair:5   | Reached skill level 10 in Stealth
 15331 | Lair:5   | Noticed a death yak
 15331 | Lair:5   | Noticed a death yak
 15332 | Lair:5   | Noticed a death yak
 15333 | Lair:5   | Noticed a death yak
 15668 | Lair:4   | Learned a level 5 spell: Lightning Bolt
 15790 | Lair:5   | Reached skill level 1 in Conjurations
 15803 | Lair:6   | Entered Level 6 of the Lair of Beasts
 16122 | Lair:6   | Reached ***** piety under Ashenzari
 16440 | Lair:6   | Reached skill level 5 in Conjurations
 16440 | Lair:6   | Reached XP level 13. HP: 68/68 MP: 30/30
 16492 | Lair:6   | Reached skill level 1 in Air Magic
 17089 | Lair:6   | Reached skill level 5 in Air Magic
 17288 | Lair:6   | Reached skill level 12 in Spellcasting
 17673 | Lair:5   | Lost mutation: You expend magic power (3 MP) to strengthen your wands. [potion of mutation]
 17673 | Lair:5   | Lost mutation: Potions are less effective at restoring your health. [potion of mutation]
 17673 | Lair:5   | Lost mutation: Your mind is acute. (Int +2) [potion of mutation]
 17673 | Lair:5   | Gained mutation: You have sharp toenails. [potion of mutation]
 17673 | Lair:5   | Gained mutation: You can translocate small distances at will. [potion of mutation]
 17823 | Lair:5   | Reached skill level 13 in Spellcasting
 18162 | Lair:4   | Reached skill level 14 in Spellcasting
 18692 | Lair:6   | Noticed a spark wasp
 18692 | Lair:6   | a deep troll shaman changed into a spark wasp
 18700 | Lair:6   | Killed a spark wasp
 19888 | D:11     | Found a staircase to the Orcish Mines.
 19888 | D:11     | Found Masebboqe's Weapon Emporium.
 20137 | D:11     | Noticed Josephine
 20334 | D:12     | Reached XP level 14. HP: 70/72 MP: 34/34
 20470 | D:12     | Gained mutation: Armour fits poorly on your strangely shaped body. [mutagenic meat]
 20471 | D:12     | Gained mutation: Your muscles are strong. (Str +2) [mutagenic meat]
 20472 | D:12     | Gained mutation: You are agile. (Dex +2) [mutagenic meat]
 20494 | D:12     | Noticed Nessos
 20498 | D:12     | Killed Nessos
 20613 | D:12     | Gained mutation: You tend to lose your temper in combat. [mutagenic meat]
 20614 | D:12     | Gained mutation: You are frail. (-10% HP) [mutagenic meat]
 20664 | D:12     | Lost mutation: Your muscles are strong. (Str +2) [potion of mutation]
 20664 | D:12     | Lost mutation: Armour fits poorly on your strangely shaped body. [potion of mutation]
 20664 | D:12     | Lost mutation: You are frail. (-10% HP) [potion of mutation]
 20664 | D:12     | Gained mutation: Your mind is acute. (Int +2) [potion of mutation]
 20664 | D:12     | Gained mutation: You are somewhat resistant to further mutation. [potion of mutation]
 20777 | D:12     | Noticed Snorg
 20779 | D:12     | Killed Snorg
 21110 | D:12     | Reached ****** piety under Ashenzari
 21205 | D:13     | Reached skill level 5 in Fighting
 21728 | Orc:1    | Entered Level 1 of the Orcish Mines
 21750 | Orc:1    | Found a roughly hewn altar of Beogh.
 22108 | Orc:1    | Reached skill level 10 in Charms
 22371 | D:11     | Found Qakaess's Distillery.
 22553 | D:11     | Found Qocw's Distillery.
 22741 | D:11     | Killed Josephine
 23201 | Orc:1    | Found Gueher's Assorted Antiques.
 23306 | Orc:2    | Entered Level 2 of the Orcish Mines
 23542 | Orc:2    | Found a staircase to the Elven Halls.
 23563 | Orc:2    | Noticed Rupert
 23633 | Orc:2    | Killed Rupert
 24089 | Orc:2    | Paralysed by an orc sorcerer for 3 turns
 24508 | Orc:2    | Reached skill level 5 in Evocations
 24534 | Orc:2    | Noticed Azrael
 24605 | Orc:2    | Killed Azrael
 24862 | Orc:2    | Found Dimed's Weapon Shop.
 24862 | Orc:2    | Found Edwai's General Store.
 24863 | Orc:2    | Found Loiduop's Armour Boutique.
 24866 | Orc:2    | Found Urchenar's Jewellery Boutique.
 25039 | Elf:1    | Entered Level 1 of the Elven Halls
 25368 | Elf:1    | Reached XP level 15. HP: 78/82 MP: 31/35
 25797 | D:14     | Found a gate to the Vaults.
 26234 | D:14     | Reached skill level 10 in Conjurations
 26756 | D:14     | Noticed Sonja
 26763 | D:14     | Killed Sonja
 27396 | Elf:1    | Reached skill level 15 in Spellcasting
 27910 | D:14     | Learned a level 4 spell: Throw Icicle
 27912 | D:15     | Entered Level 15 of the Dungeon
 27978 | D:15     | Found Ygisiuteuz's Gadget Shoppe.
 27991 | D:15     | Noticed Louise
 27996 | D:15     | Killed Louise
 28054 | D:15     | Reached skill level 16 in Spellcasting
 28175 | D:15     | Learned a level 6 spell: Invisibility
 28188 | D:15     | Learned a level 3 spell: Tukima's Dance
 28437 | D:15     | Identified the +4 spear "Orb Guardian's Regret" {protect, +Inv rC++ rN+ Str+2}
 28473 | D:15     | Found a staircase to the Depths.
 28722 | D:15     | Reached skill level 17 in Spellcasting
 28899 | D:15     | Reached XP level 16. HP: 72/87 MP: 35/39
 29195 | Lair:1   | Reached skill level 18 in Spellcasting
 29566 | Elf:1    | Gained mutation: Your mind is very acute. (Int +4) [mutagenic meat]
 29574 | Elf:1    | Found Boll's Jewellery Emporium.
 29876 | Elf:1    | Found a runed door.
 29876 | Elf:1    | Found a runed door.
 30285 | Elf:1    | Identified the ring of the Devil's Team {+Inv rPois rN+} (You took it off a deep elf mage on level 1 of the Elven Halls)
 30291 | Elf:1    | Identified the ring "Coniwk" {rF+ rC+ rN++ Int+7} (You took it off a deep elf mage on level 1 of the Elven Halls)
 30598 | Orc:2    | Identified the ring "Guyni" {rF+ SInv} (You took it off a deep elf mage on level 2 of the Orcish Mines)
 30700 | Elf:1    | Identified the ring of the Present {rCorr rElec rN+++ Str-5 SInv} (You took it off a deep elf archer on level 1 of the Elven Halls)
 30953 | Elf:1    | Reached skill level 1 in Hexes
 31469 | Elf:1    | Learned a level 3 spell: Lesser Beckoning
 31611 | Elf:1    | Reached skill level 5 in Hexes
 31827 | Elf:2    | Reached skill level 1 in Ice Magic
 32314 | Elf:2    | Reached skill level 5 in Ice Magic
 32794 | Elf:2    | Found a runed gate.
 32796 | Elf:2    | Found a runed gate.
 32796 | Elf:2    | Found a runed gate.
 33770 | Elf:2    | Reached XP level 17. HP: 92/92 MP: 41/41
 34060 | Elf:2    | Noticed Saint Roka
 34074 | Elf:2    | Killed Saint Roka
 34875 | Elf:3    | Entered Level 3 of the Elven Halls
 34925 | Elf:3    | Found Meidd's Assorted Antiques.
 34957 | Elf:3    | Found a deep blue altar of Sif Muna.
 35367 | Elf:3    | Reached skill level 10 in Necromancy
 35899 | Depths:1 | Entered Level 1 of the Depths
 36075 | Depths:1 | Found Askeohaj's Jewellery Emporium.
 36075 | Depths:1 | Found Idiqiywe's Gadget Shop.
 36076 | Depths:1 | Found Sanui's Jewellery Emporium.
 36113 | Depths:1 | Noticed PooDaddy420's ghost (veteran HOBe)
 36424 | Depths:1 | Found a gateway to a ziggurat.
 36425 | Depths:1 | Noticed Snicker's ghost (adept SpEn)
 36718 | Spider:1 | Entered Level 1 of the Spider Nest
 39024 | Spider:2 | Learned a level 6 spell: Iron Shot
 39509 | Spider:3 | Noticed Aizul
 39571 | Spider:2 | Killed Aizul
 39576 | Spider:2 | Gained mutation: Potions are less effective at restoring your health. [mutagenic meat]
 39848 | D:11     | Bought a potion of mutation for 120 gold pieces
 39848 | D:11     | Lost mutation: Potions are less effective at restoring your health. [potion of mutation]
 39848 | D:11     | Lost mutation: You are agile. (Dex +2) [potion of mutation]
 39848 | D:11     | Lost mutation: You tend to lose your temper in combat. [potion of mutation]
 40116 | Spider:3 | Learned a level 4 spell: Cause Fear
 40133 | Spider:3 | Reached XP level 18. HP: 96/101 MP: 42/42
 40143 | Spider:3 | Learned a level 8 spell: Discord
 40150 | Spider:3 | Learned a level 6 spell: Deflect Missiles
 40584 | Spider:4 | Entered Level 4 of the Spider Nest
 40649 | Spider:3 | Reached skill level 10 in Armour
 40929 | Spider:4 | Noticed TySteely's ghost (adept MiFi)
 41007 | Spider:4 | Killed TySteely's ghost
 41468 | Spider:3 | Reached skill level 1 in Earth Magic
 41602 | Spider:3 | Gained mutation: You are agile. (Dex +2) [mutagenic meat]
 41884 | Spider:4 | Reached skill level 5 in Earth Magic
 42119 | Spider:4 | Paralysed by a hornet for 1 turns
 42120 | Spider:4 | HP: 4/101 [spark wasp (20)]
 42120 | Spider:4 | Mangled by a spark wasp

Vault maps used:
D:1:      minmay_arrival_jagged
D:2:      first_bread, chequers_ecumenical_altar_simple
D:4:      cheibrodos_greedy_goblins, uniq_grinder, uniq_sigmund
D:5:      basic_altar
D:6:      minmay_temple_entry_statues_fountains
D:7:      cheibrodos_fzero
D:8:      lemuel_round_altar, david_lair_generic, uniq_grum, uniq_pikel,
          uniq_maurice
D:9:      grunt_livestock, minivault_25_ag
D:10:     minmay_separated_statues, minmay_misc_feat_more_columns,
          hangedman_abyss_or_decor_stabs, st_stairs_14, minmay_holes
D:11:     orc_david_3, serial_shops, shop_statue, shop, uniq_josephine
D:12:     uniq_snorg, uniq_nessos
D:13:     kennysheep_big_empty_room, roderic_malta_cross, corexii_checkpoint_b
D:14:     david_vaults_3, minmay_lindwurm_lava, uniq_sonja
D:15:     hangedman_depths_entry_try_elsewhere_first, serial_shops,
          nicolae_shop_stone, minivault_16, uniq_louise
Lair:1:   lemuel_fruit_tree
Lair:2:   lab_entry_generic, serial_bayou_pond_d, serial_bayou_lagoon_b
Lair:3:   swamp_mist_pool, grunt_megastairs_3
Lair:4:   spider_nest_entry_web_field, grunt_megastairs_4
Lair:5:   minmay_slime_entry_pillars, eino_house_with_fridge, grunt_megastairs_1
Lair:6:   grunt_lair_end_beastmaster, serial_bayou_shore_b
Spider:2: spiders_nest_hornet_nest
Spider:3: uniq_aizul
Spider:4: grunt_spider_rune_island, nicolae_spider_shape
Orc:1:    serial_shops, nicolae_shop_stone, basic_altar
Orc:2:    st_orc_mages, roderic_batcave, uniq_rupert, uniq_azrael
Elf:1:    minmay_the_grid_triangle_9x9_recursive_2, serial_shops,
          nicolae_shop_trees, orc_legates
Elf:2:    uniq_saint_roka
Elf:3:    minmay_elf_hall_four_x, basic_altar, serial_shops, shop, spider_trap,
          minmay_misc_feat_pillars
Depths:1: enter_ziggurat_a, hangedman_decor_lopped, hangedman_coc_ice_floe,
          kennysheep_small_circle, serial_bayou_shore_a, minmay_shop_grove,
          serial_bayou_shore_b
Lab:      labyrinth_watery, nicolae_lab_statue, nicolae_lab_checkerboard,
          nicolae_lab_blocks, lab_hedge, lab_statue, nicolae_lab_dead_end,
          nicolae_lab_t_cross, nicolae_lab_plus, labyrinth_skeletal_remains,
          nicolae_lab_do_over

Skill      XL: |  1  2  3  4  5  6  7  8  9 10 11 12 13 14 15 16 17 18 |
---------------+-------------------------------------------------------+-----
Short Blades   | 3 5 6 7 9 |  9.7
Dodging        | 3 8 9 11 12 | 12.4
Armour         | 4 7 9 11 | 11.0
Shields        | 4 |  4.5
Spellcasting   | 8 11 14 17 18 | 18.2
Stealth        | 4 10 12 14 | 14.4
Charms         | 8 13 | 13.0
Necromancy     | 2 7 10 | 10.5
Conjurations   | 5 6 10 | 10.0
Air Magic      | 5 |  5.1
Evocations     | 4 6 7 9 |  9.5
Fighting       | 5 7 |  7.2
Hexes          | 7 |  7.5
Ice Magic      | 5 |  5.0
Earth Magic    | 5 |  5.0

Action                   |  1- 3 |  4- 6 |  7- 9 | 10-12 | 13-15 | 16-18 || total
-------------------------+-------+-------+-------+-------+-------+-------++-------
Melee: Rapier            |   139 |    70 |   629 |  1730 |  2240 |  1764 ||  6572
       Headbutt          |       |       |    11 |   223 |       |       ||   234
 Cast: Regeneration      |       |       |       |     4 |    93 |   101 ||   198
       Lightning Bolt    |       |       |       |       |    17 |     1 ||    18
       Tukima's Dance    |       |       |       |       |       |    11 ||    11
       Throw Icicle      |       |       |       |       |       |     4 ||     4
       Lesser Beckoning  |       |       |       |       |       |     5 ||     5
       Invisibility      |       |       |       |       |       |     5 ||     5
       Cause Fear        |       |       |       |       |       |     1 ||     1
       Iron Shot         |       |       |       |       |       |     1 ||     1
Invok: Curse Item        |       |       |       |     5 |     1 |     1 ||     7
 Abil: Evoke Invisibilit |       |       |       |       |    10 |    25 ||    35
       Evoke Flight      |       |       |       |       |     1 |       ||     1
Evoke: Wand              |       |     1 |     2 |    50 |    12 |    13 ||    78
  Use: Scroll            |     8 |     2 |     7 |    24 |    15 |    10 ||    66
       Potion            |     4 |     2 |     2 |    16 |     4 |    10 ||    38
 Stab: Invisible         |       |       |     2 |       |    24 |    82 ||   108
       Sleeping          |       |       |       |    10 |    79 |    62 ||   151
       Held in net/web   |       |       |       |       |    11 |       ||    11
       Petrified         |       |       |       |       |     3 |       ||     3
       Distracted        |       |       |       |       |     6 |     1 ||     7
  Eat: Chunk             |     4 |     3 |    12 |    28 |    44 |    41 ||   132
       Royal jelly       |       |       |       |     3 |     1 |     3 ||     7
       Fruit             |       |       |       |     1 |     3 |     1 ||     5
       Bread ration      |       |       |       |     1 |       |     3 ||     4
       Meat ration       |       |       |       |       |     2 |     1 ||     3
Armor: Scale mail        |    65 |    27 |   217 |   370 |    76 |       ||   755
       Skin              |       |       |     7 |    60 |       |       ||    67
       Troll leather arm |       |       |       |       |   228 |   406 ||   634
Dodge: Dodged            |    41 |    10 |   211 |   799 |  1396 |  1173 ||  3630
Block: Shield            |    50 |    29 |   278 |   257 |       |       ||   614
       Buckler           |       |       |       |   238 |   648 |   552 ||  1438

Table legend:
 A = Spawn XP
 B = Non-spawn XP
 C = Spawn XP percentage of total XP
 D = Spawn monster count
 E = Non-spawn monster count
 F = Spawn count percentage of total count
 G = Total turns spent on level
                    A         B        C        D         E        F      G
               +---------+---------+-------+---------+---------+-------+---------
         Total |       0 |  330679 |   0.0 |       0 |    1108 |   0.0 | 42120
               +---------+---------+-------+---------+---------+-------+---------
           D:1 |       0 |      35 |   0.0 |       0 |      21 |   0.0 |   801
           D:2 |       0 |      51 |   0.0 |       0 |      16 |   0.0 |  1130
           D:3 |       0 |     299 |   0.0 |       0 |      14 |   0.0 |   946
           D:4 |       0 |     636 |   0.0 |       0 |      34 |   0.0 |  1048
           D:5 |       0 |     431 |   0.0 |       0 |      14 |   0.0 |   768
           D:6 |       0 |     791 |   0.0 |       0 |      19 |   0.0 |   637
           D:7 |       0 |    1952 |   0.0 |       0 |      43 |   0.0 |  1216
           D:8 |       0 |    4323 |   0.0 |       0 |      30 |   0.0 |  1372
           D:9 |       0 |    4199 |   0.0 |       0 |      40 |   0.0 |  1594
          D:10 |       0 |    2899 |   0.0 |       0 |      19 |   0.0 |  1102
          D:11 |       0 |    8560 |   0.0 |       0 |      55 |   0.0 |  1448
          D:12 |       0 |    8721 |   0.0 |       0 |      51 |   0.0 |  1130
          D:13 |       0 |    9708 |   0.0 |       0 |      42 |   0.0 |   822
          D:14 |       0 |   10924 |   0.0 |       0 |      25 |   0.0 |  1358
          D:15 |       0 |   28199 |   0.0 |       0 |      59 |   0.0 |  1312
        Lair:1 |       0 |    3506 |   0.0 |       0 |      13 |   0.0 |  1295
        Lair:2 |       0 |    4906 |   0.0 |       0 |      20 |   0.0 |   880
        Lair:3 |       0 |    5095 |   0.0 |       0 |      21 |   0.0 |  1637
        Lair:4 |       0 |    8476 |   0.0 |       0 |      27 |   0.0 |  1422
        Lair:5 |       0 |    7545 |   0.0 |       0 |      36 |   0.0 |  1653
        Lair:6 |       0 |   15317 |   0.0 |       0 |      39 |   0.0 |  2085
      Spider:1 |       0 |   14975 |   0.0 |       0 |      39 |   0.0 |  1674
      Spider:2 |       0 |   16046 |   0.0 |       0 |      50 |   0.0 |  1272
      Spider:3 |       0 |   17755 |   0.0 |       0 |      40 |   0.0 |  1047
      Spider:4 |       0 |   28059 |   0.0 |       0 |      57 |   0.0 |  1150
         Orc:1 |       0 |    6611 |   0.0 |       0 |      30 |   0.0 |  1099
         Orc:2 |       0 |   13714 |   0.0 |       0 |      72 |   0.0 |  2014
         Elf:1 |       0 |   42441 |   0.0 |       0 |      76 |   0.0 |  3202
         Elf:2 |       0 |   47628 |   0.0 |       0 |      74 |   0.0 |  2931
         Elf:3 |       0 |    8799 |   0.0 |       0 |      11 |   0.0 |   853
      Depths:1 |       0 |    5765 |   0.0 |       0 |       7 |   0.0 |   442
           Lab |       0 |    2313 |   0.0 |       0 |      14 |   0.0 |   780
               +---------+---------+-------+---------+---------+-------+---------
